Map: Old Estate

Players

aldiyar

  • Race: Zerg Zerg
  • Spawn Location: 7:00

ZenoGamer

  • Race: Protoss Protoss
  • Spawn Location: 7:00

GrumpyToss

  • Race: Terran Terran
  • Spawn Location: 9:00

bursztyn

  • Race: Terran Terran
  • Spawn Location: 7:00

GrumpyGeek

  • Race: Protoss Protoss
  • Spawn Location: 1:00

Swap

  • Race: Terran Terran
  • Spawn Location: 1:00

MooEsqoo

  • Race: Zerg Zerg
  • Spawn Location: 3:00

Sokol

  • Race: Protoss Protoss
  • League: Gold
  • Spawn Location: 3:00

VOD

Have the link to the VOD?

Description

Time

  • Played on: Dec. 21, 2019, 5:01 a.m.
  • Length: 15:57
Show
View Real Time Build Order
Export as new Build Order

aldiyar Zerg 

Build Orders: Pool First 

Get SALT Encoding   

  12  0:02  Drone  
  13  0:17  Extractor, Drone  
  13  0:18  Drone  
  14  0:36  Spawning Pool  
  14  0:38  Drone  
  14  0:46  Overlord  
  14  0:56  Overlord  
  14  1:23  Metabolic Boost  
  14  1:24  Queen  
  16  1:26  Zergling x2  
  16  1:29  Zergling x2  
  18  1:34  Zergling x2  
  19  1:43  Zergling x2  
  21  2:01  Zergling x4  
  22  2:11  Zergling x2  
  23  2:18  Hatchery  
  23  2:21  Zergling x2  
  23  2:32  Zergling x2  
  25  2:37  Zergling x6  
  27  2:46  Zergling x2  
  22  3:13  Zergling x6  
  22  3:14  Zergling x4  
  22  3:17  Queen  
  27  3:39  Zergling x6  
  29  3:55  Lair  
  25  4:00  Drone x6  
  23  4:42  Drone  
  23  4:43  Drone x7  
  31  4:48  Extractor x2  
  31  4:51  Extractor, Drone  
  29  5:02  Spire  
  28  5:13  Drone x7  
  28  5:14  Drone  
  36  5:22  Overlord x3  
  36  5:23  Overlord  
  36  5:43  Drone x4  
  36  5:49  Hatchery  
  39  5:54  Drone x4  
  43  6:05  Drone x4  
  43  6:08  Overlord  
  47  6:19  Drone x2  
  47  6:23  Mutalisk  
  47  6:24  Extractor  
  47  6:25  Extractor  
  49  6:26  Mutalisk x3  
  55  6:34  Mutalisk  
  57  6:45  Drone x4  
  61  6:48  Mutalisk x2  
  65  6:57  Drone x2  
  67  7:02  Drone x4  
  71  7:08  Drone  
  71  7:13  Queen  
  75  7:15  Drone x2  
  75  7:16  Drone x3  
  79  7:23  Drone x3  
  82  7:31  Overlord  
  82  7:37  Spore Crawler  
  82  7:39  Spore Crawler  
  82  7:40  Spore Crawler  
  82  7:41  Mutalisk  
  81  7:45  Overlord, Drone  
  81  7:46  Overlord x2  
  82  7:52  Zerg Flyer Weapons Level 1  
  82  7:55  Overlord x2  
  82  7:59  Drone x3  
  82  8:00  Overlord, Drone  
  82  8:05  Mutalisk  
  88  8:32  Overseer  
  88  8:33  Overseer  
  88  8:35  Pneumatized Carapace, Mutalisk x2  
  88  8:36  Mutalisk x7  
  88  8:37  Mutalisk x7  
  120  8:52  Mutalisk x4  
  128  9:07  Mutalisk x3  
  128  9:08  Mutalisk, Spore Crawler x2  
  134  9:19  Mutalisk x2  
  134  9:22  Overlord x3  
  138  9:30  Hatchery  
  137  9:42  Mutalisk x4  
  145  9:46  Zerg Flyer Armor Level 1  
  145  9:56  Extractor  
  145  9:58  Extractor  
  143  10:11  Mutalisk x5  
  151  10:39  Mutalisk  
  151  10:40  Mutalisk x4  
  159  10:51  Drone  
  159  10:52  Drone x6  
  166  11:17  Mutalisk  
  168  11:20  Overlord x6  
  168  11:21  Overlord  
  168  12:14  Mutalisk x7  
  168  12:15  Mutalisk x5  
  184  12:21  Zerg Flyer Weapons Level 2  
  190  12:29  Infestation Pit, Queen  
  191  12:33  Drone x4  
  195  12:54  Mutalisk x2  
  195  12:57  Drone  
  200  13:14  Hive  
  198  15:10  Mutalisk  
Show
View Real Time Build Order
Export as new Build Order

ZenoGamer Protoss 

Build Orders: Phoenix Opening, Mass Phoenix 

Get SALT Encoding   

  12  0:20  Probe  
  13  0:29  Pylon  
  13  0:34  Probe (Chrono Boost)  
  14  0:45  Probe (Chrono Boost)  
  15  0:50  Gateway, Probe (Chrono Boost)  
  16  1:01  Probe (Chrono Boost)  
  17  1:07  Assimilator  
  17  1:11  Assimilator  
  17  1:13  Probe (Chrono Boost)  
  17  1:17  Pylon  
  18  1:21  Probe (Chrono Boost)  
  19  1:27  Probe  
  20  1:39  Probe  
  21  1:41  Cybernetics Core  
  21  1:51  Probe  
  22  2:26  Stargate  
  22  2:39  Nexus  
  22  2:44  Probe  
  22  2:47  Stargate  
  22  2:50  Pylon  
  23  2:56  Probe, Forge  
  24  3:09  Probe  
  24  3:11  Phoenix  
  27  3:21  Probe  
  27  3:24  Pylon  
  27  3:26  Assimilator  
  28  3:30  Assimilator  
  28  3:33  Phoenix, Probe (Chrono Boost)  
  31  3:36  Phoenix  
  33  3:45  Probe (Chrono Boost)  
  34  3:51  Probe (Chrono Boost)  
  35  3:56  Probe (Chrono Boost)  
  35  3:58  Phoenix  
  35  4:01  Phoenix  
  35  4:02  Probe (Chrono Boost)  
  41  4:08  Probe (Chrono Boost)  
  42  4:15  Protoss Air Weapons Level 1  
  42  4:16  Probe x2 (Chrono Boost)  
  44  4:22  Phoenix, Probe (Chrono Boost)  
  48  4:28  Probe (Chrono Boost)  
  48  4:33  Phoenix  
  48  4:34  Probe (Chrono Boost)  
  48  4:38  Probe (Chrono Boost)  
  52  4:39  Probe (Chrono Boost)  
  52  4:45  Nexus  
  53  4:49  Probe (Chrono Boost), Pylon  
  54  4:58  Phoenix  
  57  5:00  Probe (Chrono Boost)  
  57  5:03  Protoss Shields Level 1  
  57  5:04  Probe (Chrono Boost)  
  58  5:10  Pylon  
  58  5:16  Phoenix  
  58  5:17  Probe x2  
  62  5:24  Phoenix  
  64  5:58  Phoenix x2  
  64  5:59  Probe x2  
  64  6:00  Probe  
  71  6:12  Probe  
  72  6:23  Phoenix  
  72  6:24  Probe (Chrono Boost)  
  77  6:29  Assimilator, Probe x2 (Chrono Boost)  
  78  6:33  Assimilator  
  78  6:34  Probe (Chrono Boost)  
  78  6:35  Pylon  
  78  6:37  Probe x2 (Chrono Boost)  
  78  6:38  Pylon  
  78  6:39  Probe (Chrono Boost), Pylon  
  80  6:41  Fleet Beacon  
  80  6:44  Pylon  
  80  6:45  Stargate  
  81  6:48  Stargate  
  81  6:50  Probe (Chrono Boost), Pylon  
  81  6:53  Pylon  
  81  6:54  Photon Cannon  
  84  6:55  Pylon  
  84  6:56  Probe x2 (Chrono Boost)  
  84  6:59  Pylon, Shield Battery  
  84  7:01  Photon Cannon  
  85  7:02  Probe (Chrono Boost)  
  85  7:04  Photon Cannon  
  85  7:07  Probe x3 (Chrono Boost)  
  85  7:08  Phoenix  
  90  7:17  Probe  
  90  7:20  Stargate  
  91  7:29  Probe  
  92  7:31  Photon Cannon, Phoenix  
  92  7:32  Phoenix, Pylon  
  92  7:36  Phoenix  
  98  7:41  Anion Pulse-Crystals  
  98  7:45  Protoss Air Armor Level 1 (Chrono Boost)  
  98  7:47  Twilight Council  
  98  7:50  Pylon  
  98  7:56  Phoenix  
  100  8:05  Phoenix x2  
  100  8:06  Phoenix  
  106  8:21  Phoenix  
  108  8:34  Robotics Facility  
  108  8:41  Phoenix x2  
  108  8:42  Phoenix  
  108  8:45  Protoss Shields Level 2 (Chrono Boost)  
  108  8:46  Phoenix  
  108  8:48  Photon Cannon  
  116  9:05  Photon Cannon  
  116  9:06  Phoenix x2  
  116  9:07  Phoenix  
  122  9:11  Phoenix  
  124  9:31  Phoenix  
  126  9:51  Phoenix x3  
  132  9:55  Observer  
  132  9:56  Phoenix  
  132  9:59  Cybernetics Core  
  135  10:01  Nexus  
  135  10:03  Pylon  
  135  10:06  Protoss Air Weapons Level 2 (Chrono Boost)  
  135  10:07  Stargate, Pylon  
  135  10:10  Stargate  
  135  10:13  Stargate  
  135  10:15  Pylon  
  135  10:16  Phoenix  
  135  10:19  Phoenix x2, Pylon  
  141  10:23  Pylon  
  141  10:24  Phoenix  
  141  10:26  Assimilator  
  143  10:29  Assimilator  
  143  10:31  Pylon x2, Observer  
  144  10:35  Pylon  
  144  10:43  Robotics Bay  
  144  10:44  Protoss Air Armor Level 2 (Chrono Boost)  
  144  10:47  Phoenix x2  
  148  10:57  Shield Battery  
  148  11:00  Shield Battery  
  148  11:01  Photon Cannon  
  148  11:03  Photon Cannon, Phoenix x3  
  154  11:05  Photon Cannon  
  154  11:16  Protoss Shields Level 3 (Chrono Boost)  
  154  11:23  Photon Cannon  
  154  11:24  Probe  
  155  11:27  Gravitic Boosters  
  155  11:36  Phoenix, Probe  
  155  11:37  Phoenix  
  160  11:54  Assimilator  
  160  11:57  Pylon  
  160  11:58  Phoenix x3  
  160  11:59  Phoenix  
  168  12:24  Protoss Air Weapons Level 3 (Chrono Boost)  
  168  12:40  Phoenix x3  
  168  12:41  Phoenix x2  
  178  12:44  Protoss Air Armor Level 3 (Chrono Boost)  
  178  12:55  Phoenix x2  
  182  13:05  Phoenix  
  184  13:26  Phoenix  
  184  13:27  Phoenix x3  
  178  13:44  Phoenix x3  
  184  13:51  Phoenix  
  132  14:46  Phoenix x5  
  132  14:47  Phoenix x2  
  144  15:11  Phoenix x2  
Show
View Real Time Build Order
Export as new Build Order

GrumpyToss Terran 

Build Orders:  

Get SALT Encoding   

  12  0:14  SCV  
  13  0:27  SCV  
  14  0:30  Supply Depot  
  14  0:39  SCV  
  15  0:51  SCV  
  15  0:53  Barracks  
  15  0:56  Supply Depot  
  16  1:03  Refinery  
  16  1:04  SCV  
  17  1:16  SCV  
  18  1:28  SCV  
  18  1:32  Supply Depot  
  19  1:40  SCV  
  20  2:38  Refinery  
Show
View Real Time Build Order
Export as new Build Order

bursztyn Terran 

Build Orders:  

Get SALT Encoding   

  12  0:03  SCV  
  13  0:15  SCV  
  14  0:35  Supply Depot  
  14  0:42  SCV, Refinery  
  15  1:03  Barracks  
  15  1:10  Barracks  
  15  1:24  Supply Depot  
  15  1:33  Refinery  
  15  1:54  Barracks  
  15  2:01  Barracks Tech Lab  
  15  2:15  Barracks  
  15  2:17  Barracks  
  15  2:22  Reaper  
  16  2:28  Reaper  
  17  2:39  SCV  
  18  2:46  Supply Depot  
  18  2:49  Barracks Reactor  
  18  2:54  Reaper  
  19  3:00  Reaper  
  20  3:07  Barracks Reactor  
  20  3:12  Barracks Reactor  
  20  3:25  Reaper  
  20  3:26  Reaper  
  22  3:32  Reaper  
  23  3:35  Reaper  
  24  3:48  Reaper  
  25  3:58  Reaper  
  26  4:03  Command Center  
  26  4:04  Engineering Bay  
  26  4:05  Reaper x2  
  28  4:14  Reaper  
  29  4:28  Reaper x2  
  29  4:30  Reaper  
  32  4:34  Orbital Command  
  32  4:43  Supply Depot  
  32  4:44  Supply Depot  
  16  5:41  Marine x3  
  16  5:42  Marine x4  
  23  5:46  Planetary Fortress  
  23  5:58  Marine  
  23  5:59  Marine x4  
  23  6:00  Marine, Combat Shield  
  29  6:10  SCV  
  30  6:22  SCV  
  30  6:25  Factory  
  31  6:29  Marine x3  
  34  7:01  Missile Turret  
  34  7:04  SCV, Missile Turret  
  34  7:06  Missile Turret  
  35  7:15  Marine x4  
  38  7:19  Stimpack  
  39  7:25  Missile Turret  
  39  7:26  Missile Turret  
  39  7:29  Missile Turret  
  39  7:36  SCV  
  40  7:38  Starport  
  40  7:41  SCV, Starport  
  41  7:48  SCV, Missile Turret  
  42  7:55  Marine x3  
  45  7:58  Marine x2  
  47  8:16  Marine  
  27  9:05  SCV  
  28  9:17  SCV  
  28  9:22  Missile Turret  
  29  9:28  SCV  
  29  9:29  SCV  
  31  9:40  SCV  
  31  9:41  SCV  
  31  9:42  Missile Turret  
  33  9:52  SCV  
  34  9:53  SCV  
  34  9:56  Missile Turret  
  35  10:04  SCV, Missile Turret  
  36  10:13  Starport Reactor x2  
  36  10:15  SCV  
  36  10:16  SCV  
  38  10:27  SCV  
  39  10:31  Missile Turret  
  39  10:37  Marine  
  39  10:38  Marine x2  
  39  10:39  SCV  
  39  10:40  Marine  
  39  10:41  Marine  
  45  10:57  Supply Depot  
  45  10:58  Medivac, Supply Depot  
  41  11:24  Missile Turret  
  41  11:31  Missile Turret  
  41  11:39  SCV  
  42  11:43  SCV  
  43  11:51  SCV  
  44  11:55  SCV  
  45  12:03  SCV, Supply Depot  
  45  12:07  SCV  
  47  12:15  Marine x4, SCV  
  49  12:16  Marine x3  
  49  12:18  Marine  
  49  12:19  SCV  
  57  12:27  SCV  
  58  12:39  SCV  
  58  12:41  Supply Depot  
  58  12:42  Terran Infantry Weapons Level 1, Supply Depot  
  59  12:51  SCV  
  60  13:03  SCV  
  61  13:06  Medivac x2  
  61  13:12  Marine x3  
  66  13:13  Marine x5  
  66  13:16  SCV  
  74  13:30  Marine x2  
  76  13:49  Marine x4  
  76  13:50  Marine x4  
  84  14:07  Marine x2  
  86  14:11  Armory  
  86  14:18  Supply Depot  
  86  14:20  Marine x6, SCV  
  93  14:25  Marine  
  94  14:39  Marine  
  94  14:40  SCV  
Show
View Real Time Build Order
Export as new Build Order

GrumpyGeek Protoss 

Build Orders:  

Get SALT Encoding   

  12  0:01  Probe (Chrono Boost)  
  13  0:11  Probe (Chrono Boost)  
  14  0:17  Probe  
  15  0:25  Pylon  
  15  0:33  Assimilator  
  15  0:44  Gateway  
  15  0:45  Probe  
  16  0:57  Probe  
  16  1:02  Assimilator  
  17  1:10  Probe  
  18  1:22  Probe  
  19  1:31  Forge  
  19  1:34  Probe, Cybernetics Core  
  20  1:41  Pylon  
  20  1:50  Probe  
  21  2:03  Probe  
  22  2:09  Photon Cannon  
  22  2:20  Stargate  
  22  2:37  Pylon  
  22  2:54  Protoss Air Weapons Level 1  
  22  2:59  Photon Cannon  
  22  3:00  Void Ray (Chrono Boost)  
  26  3:36  Void Ray  
  30  4:00  Nexus  
  30  4:05  Assimilator  
  30  4:09  Assimilator  
  30  4:27  Void Ray  
  30  4:30  Protoss Shields Level 1  
  34  4:47  Probe  
  35  5:03  Probe  
  36  5:11  Protoss Air Armor Level 1  
  36  5:16  Void Ray (Chrono Boost)  
  36  5:17  Probe (Chrono Boost)  
  41  5:21  Probe (Chrono Boost)  
  43  5:30  Pylon  
  43  5:31  Probe (Chrono Boost)  
  43  5:32  Probe (Chrono Boost), Pylon  
  44  5:36  Probe (Chrono Boost), Pylon  
  45  5:52  Void Ray (Chrono Boost)  
  49  6:20  Photon Cannon  
  49  6:23  Probe  
  49  6:24  Photon Cannon  
  50  6:27  Probe  
  50  6:28  Photon Cannon  
  51  6:35  Probe  
  51  6:36  Void Ray  
  51  6:39  Probe  
  57  6:51  Probe (Chrono Boost)  
  58  6:54  Probe (Chrono Boost)  
  59  7:05  Probe (Chrono Boost)  
  59  7:06  Probe (Chrono Boost)  
  61  7:14  Probe (Chrono Boost), Void Ray  
  61  7:15  Probe (Chrono Boost)  
  63  7:19  Probe (Chrono Boost)  
  63  7:21  Probe  
  69  7:33  Probe  
  70  7:41  Probe  
  71  7:45  Probe  
  71  7:49  Stargate  
  71  7:51  Stargate x2  
  72  7:59  Void Ray  
  76  8:09  Fleet Beacon  
  76  8:15  Pylon  
  76  8:16  Pylon x2  
  76  8:17  Pylon  
  76  8:31  Nexus  
  76  8:33  Assimilator  
  76  8:37  Assimilator  
  76  8:50  Void Ray x2  
  84  9:18  Void Ray x2  
  92  9:28  Protoss Air Weapons Level 2 (Chrono Boost)  
  92  9:29  Cybernetics Core  
  92  9:44  Void Ray x2  
  100  9:53  Twilight Council  
  100  10:00  Probe  
  100  10:04  Probe  
  102  10:12  Probe  
  103  10:16  Probe, Void Ray  
  103  10:17  Void Ray  
  112  10:24  Probe  
  114  10:28  Probe  
  114  10:43  Protoss Air Armor Level 2 (Chrono Boost)  
  114  10:53  Void Ray x2  
  122  11:08  Pylon, Protoss Shields Level 2  
  122  11:10  Pylon x2  
  122  11:11  Pylon  
  122  11:26  Void Ray x2  
  130  11:43  Void Ray x2  
  124  12:04  Protoss Air Weapons Level 3 (Chrono Boost)  
  124  12:21  Nexus  
  124  12:29  Photon Cannon  
  124  12:31  Photon Cannon  
  124  12:33  Probe  
  124  12:37  Probe  
  126  12:45  Probe  
  126  12:49  Probe  
  128  12:52  Pylon  
  128  12:53  Pylon  
  128  12:57  Probe  
  129  13:01  Probe  
  130  13:08  Protoss Air Armor Level 3 (Chrono Boost)  
  130  13:13  Photon Cannon  
  130  13:15  Photon Cannon  
  130  13:24  Void Ray x2  
  138  13:47  Void Ray  
  138  13:48  Void Ray  
  146  14:18  Void Ray  
  109  14:58  Probe (Chrono Boost)  
  111  15:02  Probe (Chrono Boost), Void Ray x2  
  120  15:08  Probe (Chrono Boost)  
  120  15:11  Probe (Chrono Boost)  
  120  15:13  Probe (Chrono Boost)  
  121  15:21  Probe  
  123  15:24  Probe  
  64  15:36  Probe  
Show
View Real Time Build Order
Export as new Build Order

Swap Terran 

Build Orders:  

Get SALT Encoding   

  12  0:01  SCV  
  13  0:13  Refinery  
  13  0:16  SCV  
  14  0:26  Supply Depot  
  14  0:31  SCV  
  15  0:43  Refinery  
  15  0:55  Barracks  
  15  0:58  SCV  
  16  1:27  Supply Depot  
  16  1:33  SCV  
  17  1:43  Bunker  
  17  1:46  Marine  
  18  1:50  SCV  
  19  2:07  Engineering Bay  
  19  2:28  Marine  
  20  2:36  Factory  
  20  2:46  Marine  
  21  3:02  Missile Turret  
  21  3:04  Marine  
  22  3:22  Marine  
  23  3:31  Starport x2  
  20  3:35  Widow Mine  
  20  3:51  SCV  
  20  3:55  Marine  
  22  3:57  Widow Mine  
  22  4:15  Marine  
  22  4:16  Bunker  
  23  4:34  Marine  
  23  4:37  Factory Tech Lab  
  24  4:39  Starport Tech Lab  
  24  4:40  Starport Tech Lab  
  24  4:43  SCV  
  25  4:48  Supply Depot  
  25  4:58  Missile Turret  
  25  5:03  Marine  
  26  5:09  SCV  
  27  5:31  Widow Mine  
  27  5:33  Marine  
  27  5:35  Banshee  
  33  5:39  Cloaking Field  
  33  5:51  Missile Turret  
  33  5:52  SCV  
  34  6:13  Banshee  
  37  6:19  Missile Turret  
  37  6:23  SCV  
  37  6:24  Missile Turret  
  38  6:31  Hyperflight Rotors  
  38  6:36  SCV  
  39  6:46  Supply Depot  
  39  7:07  Supply Depot  
  39  7:08  Widow Mine, SCV  
  42  7:16  Supply Depot  
  42  7:25  Orbital Command  
  42  7:37  Refinery  
  42  7:40  Refinery  
  42  7:52  SCV  
  42  7:53  Supply Depot  
  43  8:00  Armory  
  43  8:04  SCV  
  44  8:16  Supply Depot  
  44  8:17  SCV  
  45  9:04  Banshee x2  
  51  9:12  Command Center  
  51  9:14  SCV  
  46  9:22  Terran Ship Weapons Level 1  
  46  9:26  SCV  
  46  9:30  Starport  
  47  9:36  Starport  
  47  9:39  SCV, Starport  
  48  9:51  SCV  
  49  9:58  Supply Depot  
  49  10:03  SCV  
  50  10:12  Starport Reactor  
  50  10:13  Starport Reactor  
  50  10:15  Starport Reactor  
  50  10:21  Supply Depot  
  50  10:23  Missile Turret  
  50  10:27  Missile Turret  
  50  10:35  Widow Mine  
  52  10:57  Widow Mine  
  49  11:16  Terran Vehicle And Ship Armor Level 1  
  49  11:17  Viking x5  
  58  11:18  Widow Mine  
  58  11:19  Viking  
  60  11:27  Viking  
  62  12:04  Viking  
  62  12:05  Viking x4  
  62  12:06  Starport Reactor  
  72  12:11  Smart Servos  
  72  12:25  Widow Mine  
  74  12:31  Orbital Command  
  74  12:32  Viking  
  76  12:45  Viking x2  
  66  12:57  Viking x2  
  70  12:59  SCV  
  70  13:04  Viking  
  73  13:15  Viking  
  73  13:19  Viking  
  77  13:29  Viking x2  
  81  13:35  Viking  
  81  13:40  Viking  
  85  13:48  Viking  
  65  14:21  Viking x2  
  65  14:22  Viking x3  
  65  14:23  Viking  
  58  14:55  Viking x6  
  54  15:47  Missile Turret  
Show
View Real Time Build Order
Export as new Build Order

MooEsqoo Zerg 

Build Orders: Hatch First 

Get SALT Encoding   

  12  0:04  Drone  
  13  0:14  Overlord  
  13  0:37  Drone x2  
  13  0:38  Drone  
  16  0:55  Drone  
  17  1:07  Drone  
  17  1:11  Extractor  
  17  1:14  Hatchery  
  17  1:17  Drone  
  17  1:32  Drone x2  
  19  1:46  Overlord  
  19  1:52  Spawning Pool  
  18  2:00  Drone  
  19  2:13  Drone  
  20  2:28  Drone x2  
  20  2:29  Drone  
  24  2:37  Drone  
  24  2:46  Zergling x2  
  24  2:48  Queen x2  
  24  3:12  Drone x3  
  25  3:13  Zergling x6  
  28  3:24  Metabolic Boost  
  28  3:25  Queen x2  
  32  3:37  Zergling x4  
  32  3:38  Zergling x2, Drone  
  34  4:12  Zergling x2  
  34  4:13  Zergling x2  
  34  4:14  Overlord  
  34  4:15  Overlord x3  
  34  4:31  Extractor  
  34  4:33  Extractor  
  34  4:34  Extractor  
  34  4:38  Roach Warren  
  30  4:43  Zergling x2  
  30  4:44  Zergling x12  
  30  4:45  Zergling x6  
  40  4:46  Drone  
  38  4:58  Drone x3  
  41  5:17  Queen  
  19  6:09  Lair  
  19  6:15  Roach x4  
  22  6:22  Overlord x3  
  20  6:41  Drone  
  20  6:42  Drone x2  
  23  7:00  Queen  
  25  7:14  Queen  
  27  7:20  Drone  
  28  7:44  Glial Reconstitution  
  28  7:51  Drone x3  
  29  7:52  Drone  
  32  8:12  Drone x3  
  35  8:13  Drone  
  36  8:47  Overlord x4  
  36  9:12  Roach x2  
  36  9:13  Roach  
  36  9:14  Roach x2  
  36  9:15  Drone  
  47  9:33  Roach x2  
  47  9:34  Drone  
  52  9:42  Roach  
  52  9:43  Roach x3  
  52  9:44  Drone x2  
  62  9:47  Ravager x2  
  62  9:48  Ravager  
  56  10:21  Ravager  
  42  10:45  Hatchery  
  41  10:53  Hatchery  
  40  12:39  Drone  
  41  13:01  Drone  
  42  13:18  Drone  
Show
View Real Time Build Order
Export as new Build Order

Sokol Protoss 

Build Orders: Nexus First 

Get SALT Encoding   

  12  0:03  Probe (Chrono Boost)  
  13  0:13  Probe (Chrono Boost)  
  14  0:33  Pylon  
  14  0:36  Probe  
  15  0:51  Probe  
  16  1:03  Nexus  
  16  1:12  Gateway  
  16  1:14  Probe  
  17  1:26  Probe  
  18  1:42  Forge  
  18  1:54  Assimilator  
  18  1:57  Probe  
  18  2:00  Assimilator  
  19  2:09  Probe  
  19  2:13  Pylon  
  21  2:23  Probe (Chrono Boost)  
  21  2:29  Probe (Chrono Boost)  
  22  2:34  Assimilator  
  23  2:38  Assimilator  
  23  2:39  Probe x2 (Chrono Boost)  
  23  2:40  Pylon  
  24  2:44  Probe (Chrono Boost), Pylon  
  24  2:45  Cybernetics Core  
  25  2:51  Pylon  
  25  3:02  Photon Cannon  
  25  3:07  Pylon  
  25  3:14  Probe  
  26  3:20  Stalker (Chrono Boost)  
  26  3:26  Probe  
  29  3:36  Probe  
  29  3:38  Probe  
  31  3:41  Stalker  
  31  3:48  Probe  
  34  3:49  Photon Cannon  
  34  3:51  Probe  
  35  3:56  Photon Cannon  
  35  4:02  Photon Cannon  
  35  4:11  Stalker  
  37  5:01  Photon Cannon  
  37  5:06  Probe (Chrono Boost)  
  38  5:07  Photon Cannon  
  38  5:16  Photon Cannon, Probe (Chrono Boost)  
  38  5:21  Probe (Chrono Boost)  
  40  5:31  Stargate  
  40  5:32  Probe  
  41  5:44  Probe  
  42  5:56  Stargate, Probe  
  41  5:57  Photon Cannon  
  41  6:23  Pylon  
  41  6:27  Void Ray  
  41  6:30  Probe (Chrono Boost)  
  46  6:43  Probe (Chrono Boost)  
  46  6:46  Void Ray  
  51  6:51  Probe (Chrono Boost)  
  52  6:57  Protoss Shields Level 1, Probe  
  53  7:09  Probe  
  53  7:14  Protoss Air Weapons Level 1  
  54  7:19  Nexus  
  54  7:21  Probe  
  54  7:22  Assimilator  
  55  7:26  Assimilator  
  55  7:27  Void Ray  
  59  7:30  Pylon  
  59  7:33  Probe, Pylon  
  60  7:45  Probe  
  60  7:49  Void Ray  
  65  7:55  Stargate  
  65  7:59  Stargate  
  65  8:09  Pylon  
  65  8:12  Pylon  
  65  8:14  Void Ray  
  69  8:33  Probe (Chrono Boost)  
  71  8:35  Probe (Chrono Boost)  
  71  8:43  Probe (Chrono Boost)  
  71  8:46  Probe (Chrono Boost)  
  71  8:47  Void Ray  
  71  8:48  Probe (Chrono Boost), Void Ray  
  77  8:49  Void Ray  
  86  8:56  Fleet Beacon  
  86  8:58  Twilight Council  
  86  8:59  Probe  
  86  9:02  Robotics Facility  
  87  9:06  Cybernetics Core  
  87  9:11  Probe  
  88  9:19  Void Ray  
  88  9:23  Probe  
  93  9:32  Pylon, Protoss Air Armor Level 1  
  93  9:35  Probe, Stargate  
  93  9:38  Stargate  
  94  9:41  Protoss Shields Level 2 (Chrono Boost)  
  94  9:47  Probe  
  95  9:57  Void Ray  
  95  9:59  Probe  
  100  10:28  Shield Battery  
  100  11:01  Void Ray x3  
  100  11:02  Void Ray  
  116  11:10  Pylon  
  116  11:13  Observer  
  117  11:29  Protoss Air Weapons Level 2  
  117  11:34  Observer  
  118  11:41  Void Ray x2  
  126  11:56  Observer  
  126  11:57  Probe  
  128  12:09  Probe  
  129  12:21  Probe  
  130  12:33  Probe  
  131  12:45  Probe  
  132  13:05  Observer  
  133  13:23  Mothership (Chrono Boost)  
  141  13:29  Observer  
  80  13:51  Observer  
  80  13:55  Carrier x2  
  83  14:12  Observer  
  78  14:34  Observer  
  72  14:45  Photon Cannon  
  72  14:47  Photon Cannon  
  72  14:48  Photon Cannon  
  33  15:23  Probe  
  34  15:35  Probe  
Tags
 
Add a new tag
Caveats
  • Supply blocks, unpowered buildings, or Contaminate may cause inaccurate times.
  • Supply counts are checked every 10 seconds.